 Dungeon Crawl Stone Soup version 0.17-a0-1164-g0ba867e (webtiles) character file.

102 KlotserJr the Slasher (level 4, -2/35 HPs)
             Began as a Demonspawn Berserker on May 28, 2015.
             Was a Believer of Trog.
             Killed from afar by an orc wizard (6 damage)
             ... with a magic dart
             ... on level 3 of the Dungeon.
             The game lasted 00:07:37 (1811 turns).

KlotserJr the Slasher (Demonspawn Berserker)        Turns: 1811, Time: 00:07:37

Health: -2/35      AC:  2    Str: 17    XL:     4   Next: 49%
Magic:  4/4        EV: 12    Int:  9    God:    Trog [**....]
Gold:   137        SH:  0    Dex: 13    Spells: 0 memorised, 3 levels left

rFire  . . .     SeeInvis .     a - +0 falchion
rCold  . . .     Clarity  .     b - +0 animal skin
rNeg   . . .     SustAt   .     (no shield)
rPois  .         Gourm    .     (helmet restricted)
rElec  .         Spirit   .     (no cloak)
rCorr  .         Warding  .     (no gloves)
rMut   .         Stasis   .     (no boots)
MR     .....                    (no amulet)
Stlth  +.........               (no ring)
                                (no ring)

@: confused, not resistant to hostile enchantments, very unstealthy
A: antennae 2, powered by death 1
a: Burn Spellbooks, Berserk, Trog's Hand, Renounce Religion


You were on level 3 of the Dungeon.
You worshipped Trog.
Trog was pleased with you.
You were not hungry.

You visited 1 branch of the dungeon, and saw 3 of its levels.

You collected 137 gold pieces.

Inventory:

Hand weapons
 a - a +0 falchion (weapon)
Armour
 b - a +0 animal skin (worn)
Magical devices
 d - a wand of magic darts (22)
Scrolls
 e - a scroll of identify
 h - a scroll of enchant armour {unknown}
Potions
 j - a potion of flight
Comestibles
 c - 3 bread rations
 f - a meat ration
 g - a royal jelly
 i - a beef jerky
 k - 2 chunks of flesh


   Skills:
 + Level 3.5 Fighting
 * Level 3.7 Long Blades
 - Level 1.7 Armour
 + Level 2.3 Dodging
 + Level 1.6 Stealth


You had 3 spell levels left.
You didn't know any spells.

Dungeon Overview and Level Annotations

Branches:
Dungeon (3/15)

Altars:
Kikubaaqudgha


Innate Abilities, Weirdness & Mutations

You have a pair of antennae on your head.
You can steal the life force of nearby defeated enemies.


Message History

You are more confused.
The orc wizard gestures wildly while chanting.
The orc wizard flickers and vanishes!
Deactivating autopickup; reactivate with Ctrl-A.
You're too confused to move!
Something hits you but does no damage. The orc closely misses you.
You miss something.
You hear some strange, mumbled words.
Something tries to affect you, but you resist.
The orc barely misses you. Something hits you.
* * * LOW HITPOINT WARNING * * *
You hear some strange, mumbled words.
You are more confused.
The orc hits you with a dagger.
* * * LOW HITPOINT WARNING * * *
You hear some strange, mumbled words.
A magic dart appears from out of thin air!
The magic dart hits you!
You die...

######.....##..#######
#.....###.## #.....#
#..# ####### ##.##
###..#### #.......#
#.....).#
#....{†)####.
#...@o.......#
#..........).#
#............#
#......%.....#
#.......####.#
#.......# .# #######.#
# .. ...


You could see an orc.

Vanquished Creatures
  3 gnolls (D:2)
  2 adders (D:2)
  2 oozes (D:2)
  A worm (D:2)
  2 giant geckos
  3 orcs (D:3)
  2 bats (D:1)
  4 giant cockroaches
  8 goblins
  5 hobgoblins
  2 jackals (D:1)
  A giant newt (D:1)
  4 kobolds
  2 rats (D:1)
41 creatures vanquished.

Notes
Turn   | Place    | Note
--------------------------------------------------------------
     0 | D:1      | KlotserJr the Demonspawn Berserker began the quest for the Orb.
     0 | D:1      | Reached XP level 1. HP: 18/18 MP: 1/1
   301 | D:1      | Gained mutation: You can steal the life force of nearby defeated enemies. [demonic ancestry]
   301 | D:1      | Reached XP level 2. HP: 20/24 MP: 2/2
   837 | D:2      | Reached skill level 1 in Stealth
   962 | D:2      | Acquired Trog's second power
   962 | D:2      | Gained mutation: You have a pair of small antennae on your head. [demonic ancestry]
   962 | D:2      | Reached XP level 3. HP: 20/29 MP: 3/3
  1040 | D:2      | Found an ancient bone altar of Kikubaaqudgha.
  1080 | D:2      | Gained mutation: You have a pair of antennae on your head. [demonic ancestry]
  1080 | D:2      | Reached XP level 4. HP: 26/35 MP: 4/4
  1811 | D:3      | Killed from afar by an orc wizard

Vault maps used:
D:1:      matt_arrival_grand_opening, roderic_aztec_sauvastika
D:2:      kiku_gazebo_pond_becter

Action                   |  1- 3 |  4- 6 || total
-------------------------+-------+-------++-------
Melee: Falchion          |    91 |    61 ||   152
Invok: Berserk           |     1 |       ||     1
  Use: Scroll            |       |     3 ||     3
 Stab: Sleeping          |     3 |     2 ||     5
       Distracted        |     1 |       ||     1
  Eat: Chunk             |     2 |     2 ||     4
